 Dungeon Crawl Stone Soup version 0.20.1-1-g8b1a95d (webtiles) character file.

609 notquitethere the Slasher (level 7, -4/94 HPs)
             Began as a Minotaur Berserker on Nov 21, 2017.
             Was a Believer of Trog.
             Slain by a phantom (7 damage)
             ... on level 6 of the Dungeon.
             The game lasted 00:12:29 (1642 turns).

notquitethere the Slasher (Minotaur Berserker)      Turns: 1642, Time: 00:12:30

Health: -4/94      AC:  2    Str: 28    XL:     7   Next: 19%
Magic:  6/6        EV: 16    Int:  4    God:    Trog [**....]
Gold:   37         SH:  0    Dex: 10    Spells: 6/6 levels left

rFire    . . .     SeeInvis .   o - +3 hand axe
rCold    . . .     Gourm    .   (no shield)
rNeg     . . .     Faith    .   b - +0 animal skin
rPois    .         Spirit   .   (helmet restricted)
rElec    .         Reflect  .   (no cloak)
rCorr    .         Harm     .   (no gloves)
MR       .....                  (no boots)
Stlth    ..........             (no amulet)
Regen    0.3/turn               j - ring of stealth
MPRegen  0.1/turn               f - +3 ring of evasion

@: berserking, very quick
A: retaliatory headbutt, horns 2
a: Berserk, Trog's Hand, Burn Spellbooks, Renounce Religion


You were on level 6 of the Dungeon.
You worshipped Trog.
Trog was pleased with you.
You were not hungry.

You visited 1 branch of the dungeon, and saw 6 of its levels.

You collected 37 gold pieces.

Inventory:

Hand Weapons
 a - a +0 falchion
 c - a +0 spear
 o - a +3 hand axe (weapon)
Armour
 b - a +0 animal skin (worn)
 e - a +0 robe
Jewellery
 f - a +3 ring of evasion (right hand)
 j - a ring of stealth (left hand)
Scrolls
 d - 3 scrolls of teleportation {unknown}
 g - a scroll of fog {unknown}
 h - 2 scrolls of identify {unknown}
 i - a scroll of fear {unknown}
Potions
 k - a potion of agility {unknown}
 l - 2 potions of berserk rage {unknown}
 m - a potion of might {unknown}
 n - a potion of heal wounds {unknown}


   Skills:
 + Level 6.2 Fighting
 + Level 7.4 Long Blades
 + Level 3.2 Armour
 + Level 3.8 Dodging
 + Level 0.8 Stealth


You had 6 spell levels left.
You didn't know any spells.

Dungeon Overview and Level Annotations

Branches:
Dungeon (6/15)
 Temple: D:4-7

Altars:


Innate Abilities, Weirdness & Mutations

You reflexively headbutt those who attack you in melee.
You have a pair of horns on your head.


Message History

You now have 37 gold pieces (gained 7).
You see here a robe.
A phantom comes into view.
The phantom hits you.
* * * LOW HITPOINT WARNING * * *
You hit the phantom.
The phantom is lightly damaged.
The phantom hits you!
* * * LOW HITPOINT WARNING * * *
The phantom misses you.
A red film seems to cover your vision as you go berserk!
You feel yourself moving faster!
You feel mighty!
You feel a lot more hungry. The phantom hits you!
* * * LOW HITPOINT WARNING * * *
You closely miss the phantom. You headbutt the phantom!
The phantom is heavily damaged.
You completely miss the phantom. Your headbutt misses the phantom.
The phantom is heavily damaged.
The phantom hits you!
You die...

..# ..# #.. .. #. #.##
#..## #.@W## . ###....#
..######......##
#...............####
#..................# ##
#...............[##
.#####..###...........#
.......................#
...................>...#


You could see a phantom.

Vanquished Creatures
  Menkaure (D:6)
  A centaur (D:5)
  3 wights (D:6)
  A crimson imp (D:5)
  A hound (D:6)
  An orc wizard (D:5)
  An iguana (D:6)
  3 worker ants
  3 gnolls (D:6)
  A howler monkey skeleton (D:6)
  2 adders (D:2)
  A shadow imp (D:6)
  An ooze (D:2)
  A worm (D:2)
  2 dart slugs
  A leopard gecko (D:3)
  4 orcs
  2 giant cockroaches (D:2)
  2 hobgoblins
  A jackal (D:3)
  2 bats (D:2)
  A frilled lizard (D:2)
  4 rats
40 creatures vanquished.

Notes
Turn   | Place    | Note
-------+----------+-------------------------------------------
     0 | D:1      | notquitethere the Minotaur Berserker began the quest for the Orb.
     0 | D:1      | Reached XP level 1. HP: 19/19 MP: 0/0
    99 | D:2      | Reached XP level 2. HP: 26/27 MP: 1/1
   104 | D:2      | Reached skill level 4 in Long Blades
   170 | D:2      | Reached XP level 3. HP: 29/34 MP: 2/2
   359 | D:3      | Reached XP level 4. HP: 19/41 MP: 3/3
   728 | D:5      | Entered Level 5 of the Dungeon
   731 | D:5      | Noticed a centaur
   736 | D:5      | Reached skill level 5 in Fighting
   736 | D:5      | Reached skill level 5 in Long Blades
   738 | D:5      | Killed a centaur
   738 | D:5      | Reached XP level 5. HP: 5/48 MP: 4/4
   914 | D:5      | Noticed a sky beast
   977 | D:5      | Reached skill level 6 in Long Blades
   991 | D:6      | Reached XP level 6. HP: 19/56 MP: 5/5
  1016 | D:6      | Noticed Menkaure
  1024 | D:6      | Killed Menkaure
  1053 | D:6      | Reached skill level 7 in Long Blades
  1563 | D:6      | Reached XP level 7. HP: 43/62 MP: 6/6
  1610 | D:6      | Reached ** piety under Trog
  1640 | D:6      | HP: 2/94 [phantom (8)]
  1642 | D:6      | Slain by a phantom

Skill      XL: |  1  2  3  4  5  6  7 |
---------------+----------------------+-----
Fighting       | 4 5 6 |  6.2
Long Blades    | 4 5 6 7 |  7.4
Armour         | 3 |  3.2
Dodging        | 3 |  3.8
Stealth        | |  0.8

Action                   |  1- 3 |  4- 6 |  7- 9 || total
-------------------------+-------+-------+-------++-------
Melee: Falchion          |    52 |    52 |     5 ||   109
       Headbutt          |     9 |    10 |     4 ||    23
       Hand axe          |       |       |    10 ||    10
Invok: Berserk           |       |     1 |     1 ||     2
       Burn Spellbooks   |       |     1 |       ||     1
 Stab: Sleeping          |     1 |       |       ||     1
  Eat: Bread ration      |       |     1 |       ||     1
Armor: Animal skin       |     7 |     2 |       ||     9
Dodge: Dodged            |    43 |    33 |     9 ||    85
       Rpst.: Falchion   |     9 |     9 |       ||    18
